 Dungeon Crawl Stone Soup version 0.29.1-12-g30fa7ad0bf (webtiles) character file.

Game seed: 13838757841073469897

2054 xzight the Magician (level 9, -1/97 (103) HPs)
             Began as a Gnoll Warper on Dec 29, 2022.
             Slain by a wight
             ... wielding a +4 dagger
              (4 damage)
             ... on level 6 of the Dungeon.
             The game lasted 00:11:28 (6206 turns).

xzight the Magician (Gnoll Warper)                  Turns: 6206, Time: 00:11:29

HP:   -1/97 (103)   AC: 12    Str: 10    XL:     9   Next: 25%
MP:   18/18         EV: 10    Int: 16    God:
Gold: 69            SH:  0    Dex: 13    Spells: 19/21 levels left

rFire   + . .      SeeInvis .   h - +2 trident (venom)
rCold   . . .      Faith    .   (no shield)
rNeg    . . .      Spirit   .   D - +1 chain mail {rF+}
rPois   .          Reflect  .   (no helmet)
rElec   .          Harm     .   v - scarf {repulsion}
rCorr   +          Rampage  .   (no gloves)
Will    .....                   g - +0 pair of boots
Stlth   ..........              (no amulet)
HPRegen 0.26/turn               E - +4 ring of evasion
MPRegen 0.16/turn               R - ring of resist corrosion

@: berserking (expiring), drained, repel missiles, very quick
A: fangs 1, strong nose, distributed training
a: no special abilities


You were on level 6 of the Dungeon.
You visited 1 branch of the dungeon, and saw 6 of its levels.

You collected 264 gold pieces.
You spent 195 gold pieces at shops.


Innate Abilities, Weirdness & Mutations

You have very sharp teeth.
Your uncanny sense of smell can sniff out nearby items.
Your experience applies equally to all skills.


   Skills:
 + Level 6.3 Fighting
 + Level 4.2 Short Blades
 + Level 4.2 Long Blades
 + Level 4.2 Axes
 + Level 4.2 Maces & Flails
 + Level 6.3 Polearms
 + Level 4.2 Staves
 + Level 4.2 Ranged Weapons
 + Level 5.0 Throwing
 + Level 5.0 Armour
 + Level 6.3 Dodging
 + Level 4.2 Stealth
 + Level 4.2 Shields
 + Level 4.2 Unarmed Combat
 + Level 6.6 Spellcasting
 + Level 3.4 Conjurations
 + Level 3.4 Hexes
 + Level 3.4 Summonings
 + Level 3.4 Necromancy
 + Level 6.5 Translocations
 + Level 3.4 Transmutations
 + Level 3.4 Fire Magic
 + Level 3.4 Ice Magic
 + Level 3.4 Air Magic
 + Level 3.4 Earth Magic
 + Level 3.4 Poison Magic
 + Level 4.6 Invocations
 + Level 4.2 Evocations


You had 19 spell levels left.
You knew the following spells:

 Your Spells              Type           Power      Damage    Failure   Level
a - Blink                 Tloc           52%        N/A       56%         2

Your spell library contained the following spells:

 Spells                   Type           Power      Damage    Failure   Level
 Gell's Gravitas          Tloc           26%        N/A       80%         3
 Lesser Beckoning         Tloc           26%        N/A       80%         3
 Teleport Other           Tloc           26%        N/A       80%         3
 Magic Dart               Conj           64%        1d6       86%         1
 Searing Ray              Conj           32%        2d5       94%         2
 Static Discharge         Conj/Air       16%        3-5/arc   94%         2
 Fulminant Prism          Conj/Hex       8%         3d7       100%        4
 Olgreb's Toxic Radiance  Pois           16%        N/A       100%        4
 Lightning Bolt           Conj/Air       8%         1d20      100%        5
 Manifold Assault         Tloc           26%        N/A       100%        5
 Ozocubu's Refrigeration  Ice            8%         4d9       100%        7
 Ignition                 Fire           8%         3d5       100%        8
 Maxwell's Capacitive Co  Air            8%         ∞         100%        8

Inventory:

Hand Weapons
 f - a +2 short sword of speed
 h - a +2 trident of venom (weapon)
Missiles
 d - 7 boomerangs of dispersal {=f}
 j - 4 poisoned darts
 p - 4 javelins (quivered)
 y - 8 boomerangs
Armour
 g - a +0 pair of boots (worn)
 v - a scarf of repulsion (worn)
 D - a +1 chain mail of fire resistance (worn)
Jewellery
 E - a +4 ring of evasion (left hand)
 R - a ring of resist corrosion (right hand)
Wands
 u - a wand of paralysis (8)
 B - a wand of digging (5)
Scrolls
 c - 2 scrolls of blinking
 i - 2 scrolls of poison
 k - a scroll of magic mapping {unknown}
 n - 2 scrolls of noise {unknown}
 q - a scroll of fear {unknown}
 r - 2 scrolls of summoning
 s - a scroll of teleportation {unknown}
 x - a scroll of vulnerability {unknown}
 z - a scroll of silence {unknown}
 A - a scroll of identify {@r1}
Potions
 a - a potion of degeneration {unknown}
 b - a potion of resistance {unknown}
 e - 3 potions of curing {@q1}
 l - 3 potions of might
 m - a potion of invisibility {unknown}
 t - a potion of berserk rage {!q}
 C - a potion of flight {unknown}

Dungeon Overview and Level Annotations

Branches:
Dungeon (6/15)
 Temple: D:4-7

Altars:

Shops:
D:2 (([([

#. #. ...#z#
#.###. #.#
.).#.# #....
#.. .....#
####.
##..#.5...# #.
####.........
#. #..........#
#) #...zz..# #)
#.#@# #. #.#.#
#######. #.#.#
#....... #.#.#
#.###### #.#.#
#....... #.#.#
#.#####.
#.###.#.######
##.## #.
#..........(...
.....##.
#####.#.#######
#.##....


You could see 3 wights and an ufetubus.


Message History

The wight is severely damaged.
You completely miss the wight.
The wight is severely damaged.
The wight hits you with a +3 great sword!
* * * LOW HITPOINT WARNING * * *
You feel drained.
* * * LOW HITPOINT WARNING * * *
You closely miss the wight. You bite the wight.
The wight is severely damaged.
The wight closely misses you.
You puncture the wight!
You destroy the wight!
An ufetubus comes into view.
The ufetubus shouts!
The wight hits you but does no damage. The wight hits you with a +4 dagger.
* * * LOW HITPOINT WARNING * * *
Things that are here:
a +3 great sword; a +0 robe You closely miss the wight.
You bite the wight.
The wight is moderately damaged.
The wight hits you with a +0 mace.
* * * LOW HITPOINT WARNING * * *
The wight barely misses you.
You puncture the wight!
The wight is almost destroyed.
You hit the wight. Your bite misses the wight.
The wight is lightly damaged.
A wight comes into view. It is wielding a +0 great sword.
The wight closely misses you. The wight hits you with a +4 dagger.
You die...

Skill      XL: |  1  2  3  4  5  6  7  8  9 |
---------------+----------------------------+-----
Spellcasting   | 5 6 |  6.6
Invocations    | 1 2 3 4 |  4.6
Short Blades   | 1 2 3 4 |  4.2
Long Blades    | 1 2 3 4 |  4.2
Axes           | 1 2 3 4 |  4.2
Maces & Flails | 1 2 3 4 |  4.2
Staves         | 1 2 3 4 |  4.2
Ranged Weapons | 1 2 3 4 |  4.2
Stealth        | 1 2 3 4 |  4.2
Shields        | 1 2 3 4 |  4.2
Unarmed Combat | 1 2 3 4 |  4.2
Evocations     | 1 2 3 4 |  4.2
Conjurations   | 1 2 3 |  3.4
Hexes          | 1 2 3 |  3.4
Summonings     | 1 2 3 |  3.4
Necromancy     | 1 2 3 |  3.4
Transmutations | 1 2 3 |  3.4
Fire Magic     | 1 2 3 |  3.4
Ice Magic      | 1 2 3 |  3.4
Air Magic      | 1 2 3 |  3.4
Earth Magic    | 1 2 3 |  3.4
Poison Magic   | 1 2 3 |  3.4
Throwing       | 3 4 5 |  5.0
Armour         | 3 4 5 |  5.0
Fighting       | 5 6 |  6.3
Polearms       | 5 6 |  6.3
Dodging        | 5 6 |  6.3
Translocations | 6 |  6.5

Action                   |  1- 3 |  4- 6 |  7- 9 || total
-------------------------+-------+-------+-------++-------
Melee: Spear             |    12 |       |       ||    12
       Short sword       |    31 |       |       ||    31
       Bite              |     7 |    11 |    26 ||    44
       Trident           |    61 |   169 |   192 ||   422
       Punch             |     1 |     3 |     6 ||    10
Evoke: Wand              |       |       |     7 ||     7
  Use: Scroll            |       |     4 |     1 ||     5
       Potion            |       |       |     1 ||     1
 Stab: Paralysed         |       |       |    21 ||    21
Armor: Leather armour    |    21 |       |       ||    21
       Ring mail         |       |    40 |       ||    40
       Scale mail        |       |    17 |    23 ||    40
       Chain mail        |       |       |    34 ||    34
Dodge: Dodged            |    43 |    81 |    70 ||   194

Levels and vault maps discovered:
D:1:      minmay_arrival_three_doors, layout_basic
D:2:      layout_rooms, serial_shops,
          nicolae_shop_temple_entry_statues_fountains, nicolae_diamond_shop,
          shop, nicolae_lakefront_shop, shop, kennysheep_generic_room_6
D:3:      layout_rooms, nicolae_ecumenical_oubliette, uniq_ijyb
D:4:      minmay_skewed_foursquare, layout_basic,
          nicolae_concentric_dashed_squares_mild, lightli_corner_chamber
D:5:      layout_basic, dreamdust_princess_bridge, uniq_menkaure, uniq_pikel
D:6:      layout_loops_ring

Notes
Turn   | Place    | Note
-------+----------+-------------------------------------------
     0 | D:1      | xzight the Gnoll Warper began the quest for the Orb.
     0 | D:1      | Reached XP level 1. HP: 20/20 MP: 6/6
   171 | D:1      | Reached XP level 2. HP: 25/26 MP: 7/7
   519 | D:1      | Learned a level 2 spell: Blink
   563 | D:1      | Reached skill level 5 in Spellcasting
   563 | D:1      | Reached XP level 3. HP: 23/31 MP: 7/9
   784 | D:2      | Reached skill level 1 in Invocations
   895 | D:2      | Found Giucvub's Antique Weapon Shop.
   901 | D:2      | Reached skill level 1 in Short Blades
   901 | D:2      | Reached skill level 1 in Long Blades
   901 | D:2      | Reached skill level 1 in Axes
   901 | D:2      | Reached skill level 1 in Maces & Flails
   901 | D:2      | Reached skill level 1 in Staves
   901 | D:2      | Reached skill level 1 in Ranged Weapons
   901 | D:2      | Reached skill level 1 in Stealth
   901 | D:2      | Reached skill level 1 in Shields
   901 | D:2      | Reached skill level 1 in Unarmed Combat
   901 | D:2      | Reached skill level 1 in Evocations
  1045 | D:2      | Found Etee's Antique Weapon Shop.
  1069 | D:2      | Reached XP level 4. HP: 38/38 MP: 11/11
  1147 | D:2      | Found Wuma's Antique Armour Emporium.
  1373 | D:2      | Found Peceg's Antique Armour Emporium.
  1528 | D:2      | Found Caafim Azaj's Antique Weapon Boutique.
  1583 | D:3      | Reached skill level 1 in Conjurations
  1583 | D:3      | Reached skill level 1 in Hexes
  1583 | D:3      | Reached skill level 1 in Summonings
  1583 | D:3      | Reached skill level 1 in Necromancy
  1583 | D:3      | Reached skill level 1 in Transmutations
  1583 | D:3      | Reached skill level 1 in Fire Magic
  1583 | D:3      | Reached skill level 1 in Ice Magic
  1583 | D:3      | Reached skill level 1 in Air Magic
  1583 | D:3      | Reached skill level 1 in Earth Magic
  1583 | D:3      | Reached skill level 1 in Poison Magic
  1671 | D:3      | Found a faded altar of an unknown god.
  1901 | D:3      | Noticed Ijyb
  1908 | D:3      | Killed Ijyb
  1941 | D:3      | Reached XP level 5. HP: 38/43 MP: 12/12
  2107 | D:4      | Noticed a phantom
  2129 | D:4      | Killed a phantom
  2130 | D:4      | Reached skill level 3 in Throwing
  2130 | D:4      | Reached skill level 3 in Armour
  2243 | D:4      | Reached skill level 2 in Invocations
  2340 | D:4      | Reached XP level 6. HP: 45/50 MP: 14/14
  2448 | D:4      | Reached skill level 5 in Fighting
  2448 | D:4      | Reached skill level 2 in Short Blades
  2448 | D:4      | Reached skill level 2 in Long Blades
  2448 | D:4      | Reached skill level 2 in Axes
  2448 | D:4      | Reached skill level 2 in Maces & Flails
  2448 | D:4      | Reached skill level 5 in Polearms
  2448 | D:4      | Reached skill level 2 in Staves
  2448 | D:4      | Reached skill level 2 in Ranged Weapons
  2448 | D:4      | Reached skill level 5 in Dodging
  2448 | D:4      | Reached skill level 2 in Stealth
  2448 | D:4      | Reached skill level 2 in Shields
  2448 | D:4      | Reached skill level 2 in Unarmed Combat
  2448 | D:4      | Reached skill level 2 in Evocations
  3329 | D:4      | Reached XP level 7. HP: 56/56 MP: 15/15
  3488 | D:4      | Reached skill level 2 in Conjurations
  3488 | D:4      | Reached skill level 2 in Hexes
  3488 | D:4      | Reached skill level 2 in Summonings
  3488 | D:4      | Reached skill level 2 in Necromancy
  3488 | D:4      | Reached skill level 2 in Transmutations
  3488 | D:4      | Reached skill level 2 in Fire Magic
  3488 | D:4      | Reached skill level 2 in Ice Magic
  3488 | D:4      | Reached skill level 2 in Air Magic
  3488 | D:4      | Reached skill level 2 in Earth Magic
  3488 | D:4      | Reached skill level 2 in Poison Magic
  3790 | D:4      | Noticed a hornet
  3833 | D:5      | Entered Level 5 of the Dungeon
  3834 | D:5      | Noticed Menkaure
  4101 | D:5      | Killed Menkaure
  4102 | D:5      | Reached skill level 3 in Invocations
  4191 | D:5      | Reached skill level 6 in Translocations
  4305 | D:5      | Identified the +1 robe of Polish {rC+ Will+}
  4347 | D:5      | Noticed Pikel
  4367 | D:5      | Killed Pikel
  4368 | D:5      | Reached skill level 3 in Short Blades
  4368 | D:5      | Reached skill level 3 in Long Blades
  4368 | D:5      | Reached skill level 3 in Axes
  4368 | D:5      | Reached skill level 3 in Maces & Flails
  4368 | D:5      | Reached skill level 3 in Staves
  4368 | D:5      | Reached skill level 3 in Ranged Weapons
  4368 | D:5      | Reached skill level 4 in Throwing
  4368 | D:5      | Reached skill level 4 in Armour
  4368 | D:5      | Reached skill level 3 in Stealth
  4368 | D:5      | Reached skill level 3 in Shields
  4368 | D:5      | Reached skill level 3 in Unarmed Combat
  4368 | D:5      | Reached skill level 6 in Spellcasting
  4368 | D:5      | Reached skill level 3 in Evocations
  4368 | D:5      | Reached XP level 8. HP: 64/64 MP: 15/17
  4481 | D:5      | Reached skill level 3 in Conjurations
  4481 | D:5      | Reached skill level 3 in Hexes
  4481 | D:5      | Reached skill level 3 in Summonings
  4481 | D:5      | Reached skill level 3 in Necromancy
  4481 | D:5      | Reached skill level 3 in Transmutations
  4481 | D:5      | Reached skill level 3 in Fire Magic
  4481 | D:5      | Reached skill level 3 in Ice Magic
  4481 | D:5      | Reached skill level 3 in Air Magic
  4481 | D:5      | Reached skill level 3 in Earth Magic
  4481 | D:5      | Reached skill level 3 in Poison Magic
  4481 | D:5      | Reached skill level 4 in Invocations
  4782 | D:5      | Reached skill level 6 in Fighting
  4782 | D:5      | Reached skill level 6 in Polearms
  4782 | D:5      | Reached skill level 6 in Dodging
  5045 | D:2      | Bought a runed chain mail for 195 gold pieces
  5602 | D:6      | Reached XP level 9. HP: 64/69 MP: 18/18
  5754 | D:6      | Reached skill level 4 in Short Blades
  5754 | D:6      | Reached skill level 4 in Long Blades
  5754 | D:6      | Reached skill level 4 in Axes
  5754 | D:6      | Reached skill level 4 in Maces & Flails
  5754 | D:6      | Reached skill level 4 in Staves
  5754 | D:6      | Reached skill level 4 in Ranged Weapons
  5754 | D:6      | Reached skill level 4 in Stealth
  5754 | D:6      | Reached skill level 4 in Shields
  5754 | D:6      | Reached skill level 4 in Unarmed Combat
  5754 | D:6      | Reached skill level 4 in Evocations
  6125 | D:6      | Reached skill level 5 in Throwing
  6125 | D:6      | Reached skill level 5 in Armour
  6200 | D:6      | HP: 9/97 [wight/+3 great sword (10)]
  6204 | D:6      | HP: 3/97 [wight/+0 mace (3)]
  6206 | D:6      | Slain by a wight

Vanquished Creatures
  Pikel (D:5)
  Menkaure (D:5)
  A water moccasin (D:5)
  An ice beast (D:6)
  An orc warrior (D:6)
  An ogre (D:4)
  A phantom (D:4)
  A bullfrog (D:6)
  3 necrophages
  A wight (D:6)
  2 scorpions
  5 hounds
  An orc priest (D:4)
  A jelly (D:6)
  3 iguanas
  2 orc wizards (D:6)
  Ijyb (D:3)
  7 gnolls
  7 adders
  A shadow imp (D:6)
  A white imp (D:5)
  An ufetubus (D:4)
  2 worms (D:2)
  3 dart slugs
  8 orcs
  13 ball pythons
  4 endoplasms
  8 giant cockroaches
  9 goblins
  3 hobgoblins
  2 jackals (D:4)
  3 quokkas
  3 bats
  3 frilled lizards
  11 kobolds
  6 rats
122 creatures vanquished.

Vanquished Creatures (collateral kills)
  A gnoll (D:4)
1 creature vanquished.

Grand Total: 123 creatures vanquished

Table legend: (Time is in decaauts)
 A = Elapsed time spent in this place.
 B = Non-inter-level travel time spent in this place.
 C = Inter-level travel time spent in this place.
 D = Time resting spent in this place.
 E = Time spent auto-exploring this place.
 F = Levels seen in this place.
 G = Mean time per level.
                   A        B        C        D        E       F      G
               +--------+--------+--------+--------+--------+-----+--------+
         Total |   6215 |   5707 |    508 |   1031 |   3497 |   6 | 1035.8 |
       Dungeon |   6215 |   5707 |    508 |   1031 |   3497 |   6 | 1035.8 |
               +--------+--------+--------+--------+--------+-----+--------+

Top non-repeatable levels by time:
     D:4: 1966 daAuts
     D:5: 1330 daAuts
     D:2: 868 daAuts
     D:1: 768 daAuts
     D:6: 651 daAuts
     D:3: 630 daAuts

Table legend:
 A = Non-vault XP
 B = Vault XP
 C = Vault XP percentage of total XP
 D = Non-vault monster count
 E = Vault monster count
 F = Vault count percentage of total count
                 A         B        C        D         E       F
            +---------+---------+-------+---------+---------+-------
      Total |    1893 |    1042 |  35.5 |     112 |      11 |   8.9
            +---------+---------+-------+---------+---------+-------
        D:1 |      47 |       0 |   0.0 |      22 |       0 |   0.0
        D:2 |      59 |       5 |   7.8 |      22 |       4 |  15.4
        D:3 |      33 |      33 |  50.0 |      12 |       1 |   7.7
        D:4 |     536 |     176 |  24.7 |      33 |       4 |  10.8
        D:5 |     505 |     828 |  62.1 |      10 |       2 |  16.7
        D:6 |     713 |       0 |   0.0 |      13 |       0 |   0.0
            +---------+---------+-------+---------+---------+-------
